 Dungeon Crawl Stone Soup version 0.21-a0-529-g8c7b3f5 (webtiles) character file.

145 slep the Chopper (level 5, 0/45 HPs)
             Began as a Hill Orc Gladiator on Dec 10, 2017.
             Slain by an orc wizard
             ... wielding a +0 dagger
              (1 damage)
             ... on level 3 of the Dungeon.
             The game lasted 00:04:27 (2097 turns).

slep the Chopper (Hill Orc Gladiator)               Turns: 2097, Time: 00:04:27

Health: 0/45       AC:  4    Str: 17    XL:     5   Next: 27%
Magic:  5/5        EV: 12    Int:  8    God:
Gold:   126        SH:  0    Dex: 13    Spells: 4/4 levels left

rFire    . . .     SeeInvis .   a - +0 war axe
rCold    . . .     Gourm    .   (no shield)
rNeg     . . .     Faith    .   k - +0 leather armour (curse)
rPois    .         Spirit   .   c - +0 helmet
rElec    .         Reflect  .   (no cloak)
rCorr    .         Harm     .   (no gloves)
MR       .....                  (no boots)
Stlth    +.........             (no amulet)
HPRegen  0.15/turn              (no ring)
MPRegen  0.09/turn              (no ring)

@: no status effects
A: no striking features
a: no special abilities


You were on level 3 of the Dungeon.
You were not hungry.

You visited 1 branch of the dungeon, and saw 3 of its levels.

You collected 126 gold pieces.

Inventory:

Hand Weapons
 a - a +0 war axe (weapon)
Missiles
 d - 3 throwing nets (quivered)
 l - 6 poisoned tomahawks
Armour
 b - a +0 leather armour
 c - a +0 helmet (worn)
 k - a cursed +0 leather armour (worn)
Scrolls
 g - 2 scrolls of amnesia {unknown}
 i - 5 scrolls of teleportation {unknown}
 m - a scroll of fog {unknown}
 n - a scroll of magic mapping {unknown}
 o - a scroll of immolation {unknown}
 p - 2 scrolls of identify {unknown}
 q - 2 scrolls of remove curse {unknown}
Potions
 e - a potion of haste {unknown}
 h - 3 potions of agility {unknown}
 j - 2 potions of degeneration {unknown}
 r - a potion of heal wounds {unknown}
 t - a potion of lignification {unknown}
Comestibles
 f - 4 bread rations
 s - a chunk of flesh


   Skills:
 + Level 3.4 Fighting
 + Level 6.2 Axes
 + Level 2.0 Throwing
 + Level 1.4 Armour
 + Level 2.8 Dodging
 + Level 0.1 Stealth


You had 4 spell levels left.
You didn't know any spells.

Dungeon Overview and Level Annotations

Branches:
Dungeon (3/15)

Altars:
Elyvilon


Message History

You kill the orc!
The orc wizard miscasts a cantrip.
The orc wizard gestures at you while chanting.
The puff of flame hits you!
* * * LOW HITPOINT WARNING * * *
You closely miss the orc wizard.
The orc wizard gestures at you while chanting.
The magic dart hits you!
* * * LOW HITPOINT WARNING * * *
You barely miss the orc wizard.
The orc wizard hits you but does no damage. x2
You hit the orc wizard but do no damage.
The orc wizard closely misses you.
The orc wizard hits you but does no damage.
You slash the orc wizard!
The orc wizard is heavily wounded.
You barely miss the orc wizard.
The orc wizard mumbles some strange words.
The orc wizard blinks!
The orc wizard hits you with a dagger.
You die...

##§.....#
#####≈≈.....#
.........##.#
.........##.#
.........##.#
....##o.###.#
... ##.## .#
..
##.§##+##.. #
#.o@......#
#...)(....#
#......./.#
####...##.#
#..# # ..#
..# #..


You could see 2 orc wizards.

Vanquished Creatures
  Natasha (thrice) (D:2)
  A gnoll (D:1)
  2 adders
  An ooze (D:3)
  2 worms (D:2)
  4 leopard geckos
  An orc (D:3)
  8 goblins
  3 hobgoblins
  5 kobolds
  A quokka (D:3)
  5 bats
  3 frilled lizards
  3 rats
42 creatures vanquished.

Vanquished Creatures (others)
  A quokka (D:2)
1 creature vanquished.

Grand Total: 43 creatures vanquished

Notes
Turn   | Place    | Note
-------+----------+-------------------------------------------
     0 | D:1      | slep the Hill Orc Gladiator began the quest for the Orb.
     0 | D:1      | Reached XP level 1. HP: 18/18 MP: 1/1
   144 | D:1      | Reached XP level 2. HP: 6/25 MP: 2/2
   196 | D:1      | HP: 1/25 [goblin/dagger (1)]
   524 | D:1      | Reached XP level 3. HP: 30/30 MP: 3/3
   536 | D:1      | Reached skill level 5 in Axes
  1055 | D:2      | Found a white marble altar of Elyvilon.
  1081 | D:2      | Noticed Natasha
  1084 | D:2      | Killed Natasha
  1162 | D:2      | Noticed Natasha
  1171 | D:2      | Killed Natasha
  1171 | D:2      | Reached XP level 4. HP: 18/38 MP: 4/4
  1199 | D:2      | Noticed Natasha
  1207 | D:2      | Killed Natasha
  1207 | D:2      | Reached skill level 1 in Armour
  1551 | D:2      | Reached XP level 5. HP: 38/45 MP: 5/5
  1980 | D:3      | Reached skill level 6 in Axes
  2094 | D:3      | HP: 1/45 [orc wizard/magic dart (6)]
  2097 | D:3      | Slain by an orc wizard

Vault maps used:
D:1:      mrwooster_arrival_statue_2
D:2:      elyvilon_altar_4, kennysheep_cross_room, uniq_natasha
D:3:      lightli_temple_of_fire, first_bread

Skill      XL: |  1  2  3  4  5 |
---------------+----------------+-----
Axes           | 5 6 |  6.2
Throwing       | 2 |  2.0
Fighting       | 3 |  3.4
Armour         | 1 |  1.4
Dodging        | |  2.8
Stealth        | |  0.1

Action                   |  1- 3 |  4- 6 || total
-------------------------+-------+-------++-------
Melee: War axe           |    72 |    64 ||   136
  Eat: Chunk             |       |     4 ||     4
Armor: Leather armour    |    29 |    20 ||    49
Dodge: Dodged            |    53 |    41 ||    94

Table legend:
 A = Spawn XP
 B = Non-spawn XP
 C = Spawn XP percentage of total XP
 D = Spawn monster count
 E = Non-spawn monster count
 F = Spawn count percentage of total count
 G = Total turns spent on level
                    A         B        C        D         E        F      G
               +---------+---------+-------+---------+---------+-------+---------
         Total |       0 |     208 |   0.0 |       0 |      42 |   0.0 |  2097
               +---------+---------+-------+---------+---------+-------+---------
           D:1 |       0 |      45 |   0.0 |       0 |      18 |   0.0 |   995
           D:2 |       0 |     127 |   0.0 |       0 |      15 |   0.0 |   933
           D:3 |       0 |      36 |   0.0 |       0 |       9 |   0.0 |   169
               +---------+---------+-------+---------+---------+-------+---------
